 Dungeon Crawl Stone Soup version 0.28.0-47-ge53b351184 (webtiles) character file.

Game seed: 12216056614136106823

32402 Zeld the Fighter (level 13, -7/119 HPs)
             Began as a Pale Draconian Monk on Apr 28, 2022.
             Was a High Priest of Qazlal.
             Mangled by a six-headed hydra simulacrum (15 damage)
             ... on level 3 of the Lair of Beasts.
             The game lasted 00:21:42 (23917 turns).

Zeld the Fighter (Pale Draconian Monk)             Turns: 23917, Time: 00:21:42

Health: -7/119     AC: 15    Str: 19    XL:     13   Next: 31%
Magic:  21/21      EV: 15    Int: 11    God:    Qazlal [*****.]
Gold:   1039       SH:  7    Dex: 13    Spells: 12/12 levels left

rFire   . . .      SeeInvis +   a - +6 battleaxe (elec)
rCold   + . .      Faith    .   (shield currently unavailable)
rNeg    . . .      Spirit   .   (armour unavailable)
rPois   .          Reflect  .   (helmet restricted)
rElec   .          Harm     .   i - +2 cloak
rCorr   .          Rampage  .   o - +0 pair of gloves
Will    .....                   p - +2 pair of boots
Stlth   +.........              (no amulet)
HPRegen 0.29/turn               C - ring of see invisible
MPRegen 0.17/turn               (no ring)

@: protected from cold, repel missiles
A: breathe steam, AC +8, unfitting armour, cold-blooded, steam resistance
a: Breathe Steam, Renounce Religion, Upheaval, Elemental Force, Disaster Area


You were on level 3 of the Lair of Beasts.
You worshipped Qazlal.
Qazlal was extremely pleased with you.
You visited 4 branches of the dungeon, and saw 18 of its levels.

You collected 1039 gold pieces.

Inventory:

Hand Weapons
 a - a +6 battleaxe of electrocution (weapon)
Armour
 i - a +2 cloak (worn)
 o - a +0 pair of gloves (worn)
 p - a +2 pair of boots (worn)
Jewellery
 C - a ring of see invisible (left hand)
Wands
 c - a wand of flame (20)
 k - a wand of polymorph (3)
 v - a wand of iceblast (22)
 x - a wand of digging (5)
 y - a wand of acid (9)
Scrolls
 b - a scroll of magic mapping
 f - 3 scrolls of fear
 h - 12 scrolls of teleportation
 m - 3 scrolls of amnesia
 t - a scroll of enchant armour
Potions
 d - 6 potions of brilliance
 e - a potion of invisibility {unknown}
 j - 4 potions of might
 l - 3 potions of heal wounds
 n - 3 potions of lignification
 q - 2 potions of curing
 r - a potion of magic {unknown}
 s - 4 potions of cancellation
 u - a potion of degeneration {unknown}
 w - 2 potions of flight
 z - 3 potions of mutation
 A - 2 potions of berserk rage
 B - 2 potions of resistance


   Skills:
 * Level 12.8 Fighting
 * Level 11.8 Axes
 + Level 7.9 Dodging
 + Level 8.3 Stealth
 * Level 11.0 Invocations
 + Level 7.7 Evocations


You had 12 spell levels left.
You didn't know any spells.
Your spell library was empty.

Dungeon Overview and Level Annotations

Branches:
Dungeon (13/15)            Temple (1/1) D:4            Lair (3/6) D:11
    Orc (1/2) D:11
  Swamp: Lair:2-4    Shoals: Lair:2-4     Snake: Lair:2-4    Spider: Lair:2-4
 Vaults: D:13-14

Altars:
Ashenzari
Cheibriados
Dithmenos
Elyvilon
Fedhas
Gozag
Hepliaklqana
Kikubaaqudgha
Makhleb
Nemelex Xobeh
Okawaru
Qazlal
Ru
Sif Muna
Trog
Uskayaw
Vehumet
Wu Jian
Xom
Yredelemnul
Zin
The Shining One

Annotations:
Lair:3 Atherized's ghost, journeyman MiBe


Innate Abilities, Weirdness & Mutations

You can breathe blasts of scalding, opaque steam.
Your pale cyan-grey scales are hard. (AC +8)
You cannot fit into any form of body armour.
You are cold-blooded and may be slowed by cold attacks.
You are immune to the effects of steam.


Message History

The seven-headed hydra simulacrum bites you.
The seven-headed hydra simulacrum freezes you!!!
You feel yourself slow down.
The seven-headed hydra simulacrum bites you but does no damage. x2
You chop one of the seven-headed hydra simulacrum's heads off!
You hit the six-headed hydra simulacrum.
You tail-slap the six-headed hydra simulacrum.
The six-headed hydra simulacrum is heavily damaged.
The six-headed hydra simulacrum closely misses you.
The six-headed hydra simulacrum barely misses you.
The six-headed hydra simulacrum misses you.
The six-headed hydra simulacrum bites you!
The six-headed hydra simulacrum freezes you!!!
* * * LOW HITPOINT WARNING * * *
The six-headed hydra simulacrum bites you but does no damage.
The six-headed hydra simulacrum closely misses you.
You feel yourself speed up.
The six-headed hydra simulacrum bites you but does no damage.
The six-headed hydra simulacrum barely misses you.
The six-headed hydra simulacrum bites you.
* * * LOW HITPOINT WARNING * * *
The six-headed hydra simulacrum freezes you!!
* * * LOW HITPOINT WARNING * * *
The six-headed hydra simulacrum barely misses you.
The six-headed hydra simulacrum bites you but does no damage. x2
Okay, then.
You feel much better.
Unknown command.
You feel much better.
The six-headed hydra simulacrum bites you.
The six-headed hydra simulacrum freezes you!!
You feel protected from cold.
* * * LOW HITPOINT WARNING * * *
The six-headed hydra simulacrum bites you but does no damage.
The six-headed hydra simulacrum bites you.
* * * LOW HITPOINT WARNING * * *
The six-headed hydra simulacrum freezes you!
You resist.
You feel more protected from cold.
You die...

.........................#......#
...........<.....................
..###...............####..#####..
...##P.........#..###..####...##.
#.####...........## ...(.k.Z.Z.#.
#.# #:..........# .......###..##
..# ##........☼..##..#..... #..#
..# #..........°..#Z.#...=.. #..#
..# #..)........@○#..##.)... #..#
#.###...##...#..Z☼#...###[=##..##
...##...#####.○.○.##....####...#.
#.###...##..##.....#..........##.
..###...P.#.P#....Z##.....W...#..
....................##....kZ.##..
................:....###''†###...
............>..................##
.#P#######P#...#######.........#


You could see a seven-headed hydra simulacrum, a six-headed hydra simulacrum and
a catoblepas simulacrum.

Vanquished Creatures
  Jorgrun (D:12)
  2 hydras
  A boulder beetle (D:11)
  3 two-headed ogres
  4 deep elf pyromancers
  6 deep elf zephyrmancers (D:12)
  4 elephants (Lair:2)
  8 slime creatures
  2 manticores
  4 cane toads
  A gargoyle (D:12)
  Psyche (D:8)
  3 rime drakes (Lair:3)
  4 komodo dragons
  2 trolls
  12 blink frogs (Lair:3)
  2 hornets
  Prince Ribbit (D:8)
  2 wraiths (D:12)
  2 shadows
  23 yaks
  2 wyverns
  A basilisk (D:11)
  2 steam dragons
  An acid dragon (D:10)
  8 water moccasins
  4 black bears
  An ice beast (D:6)
  12 orc warriors
  A necrophage (D:4)
  A black mamba simulacrum (Lair:3)
  3 centaurs
  9 wolves
  4 kobold brigands
  6 bullfrogs
  3 gnoll sergeants
  5 scorpions
  A wyvern skeleton (D:7)
  4 killer bees (D:6)
  3 electric eels (D:11)
  9 wights
  3 howler monkeys (D:12)
  A bullfrog zombie (D:4)
  4 centaur zombies
  3 jellies
  3 centaur skeletons
  13 orc priests
  A bullfrog skeleton (D:6)
  2 hounds
  A gnoll shaman (D:10)
  8 orc wizards
  Ijyb (D:4)
  2 iguanas
  22 gnolls
  11 adders
  A shadow imp (D:7)
  A white imp (D:6)
  3 ufetubi
  2 worms (D:3)
  2 dart slugs
  37 orcs
  4 endoplasms
  4 giant cockroaches
  3 goblins
  7 hobgoblins
  6 jackals
  2 quokkas
  7 ball pythons
  11 bats
  A frilled lizard (D:3)
  25 kobolds
  2 quokka skeletons
  7 rats
368 creatures vanquished.

Vanquished Creatures (others)
  A kobold (D:7)
  15 fungi
  11 plants
27 creatures vanquished.

Grand Total: 395 creatures vanquished

Notes
Turn   | Place    | Note
-------+----------+-------------------------------------------
     0 | D:1      | Zeld the Draconian Monk began the quest for the Orb.
     0 | D:1      | Reached XP level 1. HP: 19/19 MP: 1/1
   386 | D:1      | Reached XP level 2. HP: 25/26 MP: 2/2
  1177 | D:2      | Reached XP level 3. HP: 23/33 MP: 3/3
  1364 | D:2      | Reached skill level 4 in Fighting
  1619 | D:2      | Identified the +0 robe "Rumpait" {Will+}
  2216 | D:3      | Reached XP level 4. HP: 40/40 MP: 4/4
  2242 | D:3      | Found a faded altar of an unknown god.
  3036 | D:3      | Noticed a black bear
  3043 | D:3      | Killed a black bear
  3044 | D:3      | Reached XP level 5. HP: 42/47 MP: 5/5
  3127 | D:3      | Reached skill level 5 in Fighting
  3127 | D:3      | Reached XP level 6. HP: 27/56 MP: 6/6
  3871 | D:4      | Reached skill level 5 in Axes
  3932 | D:4      | Noticed Ijyb
  4272 | D:4      | Your scales start taking on a pale cyan-grey colour.
  4272 | D:4      | Reached XP level 7. HP: 41/62 MP: 7/7
  4272 | D:4      | Gained mutation: You are immune to the effects of steam.
                  | [Pale Draconian growth]
  4486 | D:4      | Killed Ijyb
  4535 | D:4      | Found a staircase to the Ecumenical Temple.
  4541 | D:4      | Reached skill level 6 in Fighting
  4547 | Temple   | Entered the Ecumenical Temple
  4710 | Temple   | Became a worshipper of Qazlal Stormbringer
  4710 | Temple   | Reached * piety under Qazlal
  4710 | Temple   | Reached ** piety under Qazlal
  5142 | D:5      | Entered Level 5 of the Dungeon
  5356 | D:5      | Found a sparkling altar of Nemelex Xobeh.
  6360 | D:6      | Reached XP level 8. HP: 70/71 MP: 8/8
  6661 | D:6      | Reached skill level 7 in Fighting
  6661 | D:6      | Reached skill level 1 in Invocations
  7003 | D:6      | Reached skill level 1 in Evocations
  8119 | D:7      | Reached XP level 9. HP: 49/80 MP: 11/11
  8142 | D:7      | Noticed a manticore
  8601 | D:7      | Killed a manticore
  8602 | D:7      | Reached skill level 8 in Fighting
  8602 | D:7      | Reached skill level 5 in Dodging
  9203 | D:7      | Reached *** piety under Qazlal
  9226 | D:7      | Reached skill level 5 in Stealth
  9707 | D:8      | Noticed Prince Ribbit
  9721 | D:8      | Killed Prince Ribbit
  9727 | D:8      | Reached skill level 5 in Invocations
  9830 | D:8      | Noticed Psyche
  9836 | D:8      | Killed Psyche
 10014 | D:8      | Reached **** piety under Qazlal
 10170 | D:8      | Reached XP level 10. HP: 90/90 MP: 14/14
 10174 | D:8      | Reached skill level 9 in Fighting
 11120 | D:10     | Entered Level 10 of the Dungeon
 12567 | D:11     | Found a staircase to the Lair.
 13138 | D:11     | HP: 1/93 [enormous slime creature (62)]
 13208 | D:10     | HP: 1/93 [large slime creature (16)]
 13682 | D:10     | Reached skill level 10 in Fighting
 14048 | D:10     | Reached skill level 5 in Evocations
 14048 | D:10     | Reached XP level 11. HP: 17/99 MP: 16/16
 14987 | D:11     | Noticed a two-headed ogre
 14993 | D:11     | Killed a two-headed ogre
 15455 | D:11     | Noticed a two-headed ogre
 15464 | D:11     | Killed a two-headed ogre
 15571 | D:11     | Reached ***** piety under Qazlal
 16596 | D:11     | Found a staircase to the Orcish Mines.
 17240 | Orc:1    | Entered Level 1 of the Orcish Mines
 17291 | D:12     | Identified the +9 war axe of the Endless March {vorpal,
                  | Fragile rN+ Dex+3}
 17328 | D:12     | Noticed a boulder beetle
 17346 | D:11     | Killed a boulder beetle
 17347 | D:11     | Reached skill level 10 in Axes
 17497 | D:12     | Noticed a two-headed ogre
 17510 | D:12     | Killed a two-headed ogre
 17511 | D:12     | Reached skill level 11 in Fighting
 17736 | D:12     | Noticed a deep elf zephyrmancer
 17738 | D:12     | Noticed a deep elf zephyrmancer
 17748 | D:12     | Noticed a deep elf pyromancer
 17831 | D:11     | Killed a deep elf pyromancer
 18121 | D:12     | Killed a deep elf zephyrmancer
 18122 | D:12     | Reached XP level 12. HP: 99/110 MP: 18/18
 19714 | D:12     | Noticed Jorgrun
 19731 | D:12     | Killed Jorgrun
 20171 | Lair:1   | Entered Level 1 of the Lair of Beasts
 20179 | Lair:1   | Reached skill level 12 in Fighting
 20290 | Lair:1   | Noticed a four-headed hydra
 20300 | Lair:1   | Killed a four-headed hydra
 20301 | Lair:1   | Reached skill level 10 in Invocations
 21106 | Lair:2   | Noticed an eight-headed hydra
 21113 | Lair:2   | Killed an eight-headed hydra
 21464 | Lair:2   | Reached XP level 13. HP: 111/119 MP: 20/20
 22551 | Lair:3   | Found a runed translucent gate.
 22551 | Lair:3   | Found a runed translucent gate.
 22551 | Lair:3   | Found a runed translucent gate.
 23003 | Lair:3   | Noticed Atherized's ghost (journeyman MiBe)
 23917 | Lair:3   | Mangled by a six-headed hydra simulacrum

Illustrated notes

Levels and vault maps discovered:
D:1:      saegor_arrival_fortress, layout_basic, minmay_pentomino_q2
D:2:      layout_basic, serial_glass, glass_columns_a, glass_columns_a,
          glass_columns_a, glass_columns_a, item_on_display_a,
          minmay_strange_pillars, due_unseen_surprise, feat_on_display,
          grunt_decor_mini_mirrors, minmay_close_crescents
D:3:      layout_basic, ebering_ecumenical_altar_rust,
          chequers_serial_rivers_micro_a, dk_vineyard_2, minmay_pentangle
D:4:      layout_rooms, minmay_temple_entry_crystal_x, uniq_ijyb
D:5:      layout_gridville, lemuel_crystal_altar
D:6:      layout_basic, minmay_manual_mares
D:7:      layout_rooms
D:8:      layout_basic, serial_glass, glass_columns_b, glass_columns_c,
          glass_columns_b, glass_columns_a, glass_columns_c, glass_columns_a,
          glass_columns_a, glass_columns_a, glass_columns_a, glass_columns_b,
          chequers_serial_rivers_marsh, kennysheep_generic_room_8, uniq_psyche,
          uniq_prince_ribbit1
D:9:      layout_basic, kennysheep_generic_room_14
D:10:     layout_roguey
D:11:     layout_loops_corners, david_lair_generic, erik_orc_2
D:12:     layout_cross, serial_column_ruins, column_ruins_courtyard_long,
          column_ruins_open_tiny, column_ruins_grid_3,
          column_ruins_columns_straight, column_ruins_open_tiny,
          elves_outpost_lemuel, uniq_jorgrun
D:13:     minmay_the_grid_triangle_9x9_recursive_3
          [minmay_the_grid_triangle_9x9_from_above,
          minmay_the_grid_triangle_9x9_corrupted_corridor,
          minmay_the_grid_triangle_9x9_limited_checkers,
          minmay_the_grid_triangle_9x9_prize_top_heavy,
          minmay_the_grid_triangle_9x9_shrine,
          minmay_the_grid_triangle_9x9_alien,
          minmay_the_grid_triangle_9x9_corruption,
          minmay_the_grid_triangle_9x9_odd_lines,
          minmay_the_grid_triangle_9x9_swiss_cheese], layout_irregular_city,
          serial_shops, nicolae_shop_statue_plus
Temple:   roderic_octagonal_lattice_temple
Lair:1:   layout_hall_layers, st_stairs_10, cheibrodos_lair_reptile_den
Lair:2:   layout_misc_corridors
Lair:3:   layout_small_grid, gammafunk_ghost_icy, infiniplex_staircase_pool_2
Orc:1:    layout_caves

Skill      XL: |  1  2  3  4  5  6  7  8  9 10 11 12 13 |
---------------+----------------------------------------+-----
Stealth        | 2 3 4 5 6 7 8 |  8.3
Dodging        | 3 4 5 6 7 |  7.9
Fighting       | 4 5 6 7 8 10 11 12 | 12.8
Axes           | 4 5 6 7 8 9 10 11 | 11.8
Invocations    | 3 5 7 9 10 11 | 11.0
Evocations     | 2 3 5 6 7 |  7.7

Action                   |  1- 3 |  4- 6 |  7- 9 | 10-12 | 13-15 || total
-------------------------+-------+-------+-------+-------+-------++-------
Melee: Hand axe          |   120 |   145 |   165 |       |       ||   430
       Tailslap          |    11 |    23 |    41 |    66 |    16 ||   157
       Punch             |       |     3 |     1 |       |       ||     4
       Battleaxe         |       |       |   102 |   378 |    74 ||   554
       Unarmed           |       |       |     9 |       |       ||     9
 Abil: Breathe Steam     |       |       |    17 |    26 |     2 ||    45
Evoke: Wand              |       |       |     2 |    12 |       ||    14
  Use: Scroll            |       |       |    17 |    12 |     3 ||    32
       Potion            |       |       |     4 |     1 |     2 ||     7
 Stab: Sleeping          |    11 |     5 |     1 |       |       ||    17
Armor: Skin              |    54 |    57 |   117 |   123 |    30 ||   381
Dodge: Dodged            |    77 |   117 |   263 |   261 |    71 ||   789
       Repelled          |       |       |       |     8 |     1 ||     9
Block: Other             |       |       |    43 |   136 |    27 ||   206
